 Dungeon Crawl Stone Soup version 0.21-a0-122-g43b3ea6 (webtiles) character file.

59 grindst0ne the Sneak (level 3, -12/16 HPs)
             Began as a Spriggan Enchanter on July 13, 2017.
             Killed by divine providence
             ... invoked by an orc priest
              (14 damage)
             ... on level 2 of the Dungeon.
             The game lasted 00:04:05 (2504 turns).

grindst0ne the Sneak (Spriggan Enchanter)           Turns: 2504, Time: 00:04:06

Health: -12/16     AC:  2    Str:  4    XL:     3   Next: 78%
Magic:  8/8        EV: 18    Int: 16    God:
Gold:   58         SH:  0    Dex: 17    Spells: 1/7 levels left

rFire    . . .     SeeInvis +   a - +1 dagger
rCold    . . .     Gourm    .   (shield restricted)
rNeg     . . .     Faith    .   b - +0 robe
rPois    .         Spirit   .   (helmet restricted)
rElec    .         Reflect  .   (no cloak)
rCorr    .         Harm     .   (gloves unavailable)
MR       .....                  (boots unavailable)
Stlth    +++.......             (no amulet)
HPRegen  0.05/turn              (no ring)
MPRegen  0.11/turn              (no ring)

@: very quick
A: unfitting armour, see invisible, herbivore 3, speed 3, slow metabolism 2
a: no special abilities


You were on level 2 of the Dungeon.
You were hungry.

You visited 1 branch of the dungeon, and saw 2 of its levels.

You collected 58 gold pieces.

Inventory:

Hand Weapons
 a - a +1 dagger (weapon)
Armour
 b - a +0 robe (worn)
Scrolls
 e - a scroll of teleportation {unknown}
 g - a scroll of noise {unknown}
 i - a scroll of identify {unknown}
 k - a scroll of immolation {unknown}
 l - a scroll of fog {unknown}
 n - a scroll of remove curse {unknown}
Potions
 f - a potion of curing {unknown}
 h - 3 potions of heal wounds
 j - a potion of resistance {unknown}
 m - 2 potions of lignification {unknown}
Books
 c - a book of Maledictions

   Spells                             Type                      Level
   a - Corona                         Hexes                        1
   b - Ensorcelled Hibernation        Hexes/Ice                    2
   c - Confuse                        Hexes                        3
   d - Tukima's Dance                 Hexes                        3
   e - Dazzling Spray                 Conjuration/Hexes            3
Comestibles
 d - a bread ration
 o - 2 fruits


   Skills:
 - Level 1.1 Short Blades
 - Level 3.0 Dodging
 * Level 6.2 Stealth
 - Level 2.6 Spellcasting
 + Level 4.7 Hexes


You had one spell level left.
You knew the following spells:

 Your Spells              Type           Power        Failure   Level  Hunger
a - Corona                Hex            ###....      2%          1    #......
b - Confuse               Hex            ###.....     9%          3    ###....
z - Ensorcelled Hibernat  Hex/Ice        #.....       11%         2    ##.....


Dungeon Overview and Level Annotations

Branches:
Dungeon (2/15)

Altars:


Innate Abilities, Weirdness & Mutations

You are very small and have problems with some larger weapons.
You are too small for most types of armour.
You have supernaturally acute eyesight. (SInv)
You are a herbivore.
You cover ground extremely quickly.
You need consume almost no food.


Message History

You found a teleport trap!
Found 25 stones.
You now have 58 gold pieces (gained 7).
An orc and an orc priest come into view.
Found 8 gold pieces.
The orc priest moves out of view. 2 orcs come into view.
The orc shouts! 2 orcs come into view.
The orc shouts!
There are monsters nearby!
You closely miss the orc.
The orc priest mumbles some strange prayers to Beogh against you.
Beogh smites you!
Ouch! That really hurt!
* * * LOW HITPOINT WARNING * * *
The orc priest invokes the aid of Beogh against you.
Beogh smites you!
Ouch! That really hurt!
You die...

.####.#.#.....#####....##
......#<......##.........
#######........#o#.......
#..#.....#.#.......
#..#.....#o#.......
#..#.....#.#...o...
...#.....#.#o..oo..#
#...#####.#.#.......# #.
#.#@#.......# #.#.# o..#
#.#.## ⌠$# .
...#####.#..#######...
.........##...........
..#####..#####..####.
#.^#####.####..
#........(......
#.###########.#.


You could see an orc priest and an orc.

Vanquished Creatures
  Terence (D:2)
  An ooze (D:1)
  A dart slug (D:1)
  2 giant cockroaches (D:1)
  5 goblins
  5 hobgoblins
  3 kobolds (D:1)
  A ball python (D:1)
  2 bats (D:1)
  A frilled lizard (D:1)
  5 rats
27 creatures vanquished.

Notes
Turn   | Place    | Note
-------+----------+-------------------------------------------
     0 | D:1      | grindst0ne the Spriggan Enchanter began the quest for the Orb.
     0 | D:1      | Reached XP level 1. HP: 9/9 MP: 5/5
   375 | D:1      | Reached skill level 5 in Stealth
   601 | D:1      | Reached XP level 2. HP: 13/13 MP: 6/6
   673 | D:1      | Learned a level 2 spell: Ensorcelled Hibernation
  1808 | D:1      | Reached XP level 3. HP: 16/16 MP: 0/8
  1813 | D:1      | Learned a level 3 spell: Confuse
  2136 | D:2      | Noticed Terence
  2204 | D:2      | Killed Terence
  2204 | D:2      | Reached skill level 6 in Stealth
  2504 | D:2      | Killed from afar by an orc priest

Vault maps used:
D:1:      matt_arrival_los_fun, interstate_on_off, minmay_cupped
D:2:      cheibrodos_pilgrimage, first_bread, uniq_terence, uniq_sigmund

Skill      XL: |  1  2  3 |
---------------+----------+-----
Stealth        | 5 6 |  6.2
Hexes          | 4 |  4.7
Short Blades   | |  1.1
Dodging        | |  3.0
Spellcasting   | |  2.6

Action                   || total
-------------------------++-------
Melee: Dagger            ||    98
 Cast: Corona            ||     5
       Ensorcelled Hiber ||    20
 Stab: Sleeping          ||    16
Armor: Robe              ||    22
Dodge: Dodged            ||   115
